 Dungeon Crawl Stone Soup version 0.19.0-24-gb05acd6 (webtiles) character file.

454 Yakui the Skirmisher (level 6, -2/49 HPs)
             Began as a Demonspawn Chaos Knight on Nov 20, 2016.
             Slain by a phantom (10 damage)
             ... on level 4 of the Dungeon.
             The game lasted 00:13:39 (4083 turns).

Yakui the Skirmisher (Demonspawn Chaos Knight)      Turns: 4083, Time: 00:13:40

Health: -2/49      AC:  9    Str: 12    XL:     6   Next: 76%
Magic:  15/15      EV: 13    Int: 13    God:    Xom [.....*]
Gold:   194        SH:  0    Dex: 15    Spells: 0 memorised, 5 levels left

rFire  . . .     SeeInvis .     a - +0 hand axe (chaos)
rCold  x . .     Gourm    .     B - +1 robe of Fortification {*Drain rF- rN+++ MP+9}
rNeg   + + +     Faith    .     (no shield)
rPois  .         Spirit   .     u - +0 helmet
rElec  .         Reflect  .     z - +0 cloak
rCorr  .         Harm     .     m - +1 pair of gloves
MR     +....                    (no boots)
Stlth  +.........               (no amulet)
                                f - ring of fire
                                A - ring of protection from magic

@: no status effects
A: hooves 1, iridescent scales 1, powered by death 1, rot immunity
a: Renounce Religion


You were on level 4 of the Dungeon.
You worshipped Xom.
You were Xom's teddy bear.
You were not hungry.

You visited 1 branch of the dungeon, and saw 4 of its levels.

You collected 194 gold pieces.


Innate Abilities, Weirdness & Mutations

You have large cloven feet.
You are partially covered in iridescent scales. (AC +2)
You regenerate a little health from kills.
You are immune to rotting.


   Skills:
 + Level 4.6 Fighting
 + Level 4.0 Axes
 + Level 3.8 Armour
 + Level 3.1 Dodging


You had 5 spell levels left.
You didn't know any spells.

Inventory:

Hand Weapons
 a - a +0 hand axe of chaos (weapon)
Missiles
 d - 54 stones (quivered)
 v - a throwing net {=f}
Armour
 b - a +2 leather armour
 m - a +1 pair of gloves (worn)
 u - a +0 helmet (worn)
 z - a +0 cloak (worn)
 B - the +1 robe of Fortification (worn) {*Drain rF- rN+++ MP+9}

   It makes you vulnerable to fire.
   It renders you almost immune to negative energy.
   It affects your magic capacity (+9).
   It causes draining when unequipped.
 C - a +0 plate armour
Jewellery
 f - a ring of fire (right hand)
 A - a ring of protection from magic (left hand)
Wands
 E - a wand of slowing (27/48)
Scrolls
 e - 2 scrolls of teleportation {@r4}
 g - 3 scrolls of fear
 h - 6 scrolls of enchant armour
 i - 2 scrolls of blinking {unknown}
 l - 2 scrolls of remove curse
 q - a scroll of immolation {unknown}
 y - a scroll of random uselessness {unknown}
 D - a scroll of recharging
Potions
 p - 2 potions of degeneration {unknown}
 t - 2 potions of curing {@q1}
 w - a potion of magic
 x - 2 potions of heal wounds {@q2}
Comestibles
 c - 4 bread rations
 j - a beef jerky
 k - 10 chunks of flesh
 n - a royal jelly
 o - 3 meat rations
 r - a slice of pizza
 s - 3 fruits

Dungeon Overview and Level Annotations

Branches:
Dungeon (4/15)
 Temple: D:4-7

Altars:
Ashenzari
Cheibriados
Nemelex Xobeh
Yredelemnul

Annotations:
D:4 Eustachio; removeelyvilon's ghost, amateur NaTm

▒▒▒▒.▒▒▒▒▒.▒ ▒▒▒▒▒▒..▒.▒
▒.......▒▒.▒ ▒.......▒.▒
▒.......▒▒.▒▒▒.▒▒▒▒▒.▒..
▒..>....▒...▒...▒ ▒.▒▒▒
▒...(...........▒ ▒.▒ ▒
▒▒..▒▒▒▒▒▒▒▒▒▒▒▒▒▒▒▒▒▒▒
▒ ▒...▒▒▒...▒▒▒........▒
▒ ▒...▒▒.....▒▒...▒
..... ▒
▒...▒...6...▒...▒
..W..▒▒
▒▒.▒▒......)'...▒
....S.▒ ▒.▒▒.......▒...▒
▒..... ▒.▒▒▒.....▒▒...▒
▒▒▒▒▒ ▒
▒(▒▒▒▒...▒▒▒...▒▒▒..(▒▒▒
▒(.▒▒▒▒▒▒▒ ▒...▒▒.....▒▒
▒().)...▒▒▒▒...▒.......▒
▒.▒▒).....▒▒...'.......▒
▒.▒▒▒.....▒▒...▒......(▒


There were no monsters in sight!


Message History

You are too injured to fight recklessly!!!
You are too injured to fight recklessly!!!
You are too injured to fight recklessly!!!
You slice the phantom but do no damage!
The phantom is almost destroyed!
The phantom hits you but does no damage!
You chop the phantom into pieces!
The phantom flickers and vanishes!!!
Deactivating autopickup; reactivate with Ctrl-A!
You kick something! Something hits you! * * * don't die
* * * Something hits you but does no damage!
You barely miss something! Something hits you! * * * don't die
* * * You miss something!
There is an open door, spattered with blood here!
You see here a giant spiked club!
There is an open door, spattered with blood here!
You see here a giant spiked club!
E - a giant spiked club Drop what? 31/52 slots (_ for help) (? for menu, Esc to quit)
You drop a giant spiked club!
You barely miss something! Something hits you! * * * don't die
* * * You cut something into ribbons!
Something hits you but does no damage!
You miss something!
You see here a glowing silver wand!
E - a wand of slowing Something hits you!!! rip

Action                   |  1- 3 |  4- 6 || total
-------------------------+-------+-------++-------
Melee: Hand axe          |   125 |   277 ||   402
       Kick              |    22 |    81 ||   103
  Use: Scroll            |       |     9 ||     9
 Stab: Petrified         |       |    28 ||    28
       Confused          |       |     2 ||     2
       Petrifying        |       |     4 ||     4
  Eat: Chunk             |     2 |     9 ||    11
Armor: Leather armour    |    60 |   103 ||   163
       Robe              |       |    19 ||    19
Dodge: Dodged            |    73 |   181 ||   254

Vault maps used:
D:1:      dpeg_arrival_rooms_b
D:2:      kennysheep_slug_shrine
D:3:      lemuel_zombie_altar_yredelemnul, ashenzari_conservatory_becter,
          first_bread, nemelex_xobeh_ov_fountains_minmay
D:4:      minmay_opposing_rooms, grunt_temple_overflow_order_and_chaos_1,
          sigmund_army, uniq_duvessa, uniq_eustachio, uniq_pikel

Notes
Turn   | Place    | Note
-------+----------+-------------------------------------------
     0 | D:1      | Yakui the Demonspawn Chaos Knight began the quest for the Orb.
     0 | D:1      | Reached XP level 1. HP: 18/18 MP: 1/1
    40 | D:1      | Reached skill level 2 in Armour
    57 | D:1      | Reached skill level 1 in Dodging
    60 | D:1      | Gained mutation: You have large cloven feet. [demonic ancestry]
    60 | D:1      | Reached XP level 2. HP: 22/24 MP: 2/2
   161 | D:1      | Reached skill level 3 in Axes
   253 | D:1      | Reached XP level 3. HP: 29/29 MP: 3/3
   570 | D:2      | XOM: silly message
   621 | D:2      | XOM: smoke on damage
   693 | D:2      | XOM: mild Tloc miscast
  1323 | D:2      | Found a snail-covered altar of Cheibriados.
  1362 | D:2      | Gained mutation: You are immune to rotting. [demonic ancestry]
  1362 | D:2      | Reached XP level 4. HP: 34/35 MP: 4/4
  1604 | D:2      | XOM: god gift: gnarled jewelled staff {god gift}
  1908 | D:3      | Found a sparkling altar of Nemelex Xobeh.
  1979 | D:3      | Found a shattered altar of Ashenzari.
  2137 | D:3      | XOM: mild Air miscast
  2293 | D:3      | Found a basalt altar of Yredelemnul.
  2300 | D:3      | XOM: cloud trail
  2384 | D:4      | XOM: enchant monster (good)
  2403 | D:4      | Reached skill level 3 in Armour
  2403 | D:4      | Reached skill level 2 in Dodging
  2403 | D:4      | Gained mutation: You regenerate a little health from kills. [demonic ancestry]
  2403 | D:4      | Reached XP level 5. HP: 41/42 MP: 5/5
  2421 | D:4      | Reached skill level 4 in Fighting
  2438 | D:4      | XOM: silly message
  2513 | D:4      | XOM: enchant monster (good)
  2539 | D:4      | Noticed a phantom
  2540 | D:4      | Noticed removeelyvilon's ghost (amateur NaTm)
  2611 | D:4      | XOM: god gift: scroll of teleportation
  2890 | D:4      | XOM: enchant monster (good)
  3264 | D:4      | Gained mutation: You are partially covered in iridescent scales. (AC +2) [demonic ancestry]
  3264 | D:4      | Reached XP level 6. HP: 15/48 MP: 6/6
  3411 | D:3      | XOM: god gift: copper ring {god gift}
  3443 | D:4      | XOM: noise
  3574 | D:4      | XOM: harmless Pois miscast
  3579 | D:4      | Noticed Eustachio
  3656 | D:3      | XOM: scenery: 1 doors close
  3668 | D:3      | XOM: mild Pois miscast
  3815 | D:4      | XOM: medium Chrm miscast
  3823 | D:4      | Got a heavily jewelled robe
  3839 | D:4      | Identified the +1 robe of Fortification {*Drain rF- rN+++ MP+9} (You found it on level 4 of the Dungeon)
  3928 | D:4      | XOM: god gift: plate armour {god gift}
  4051 | D:4      | Reached skill level 4 in Axes
  4051 | D:4      | Reached skill level 3 in Dodging
  4083 | D:4      | Slain by a phantom

Vanquished Creatures
  An ogre (D:4)
  2 orc wizards (D:4)
  A centaur skeleton (D:4)
  3 worker ants (D:4)
  3 gnolls (D:4)
  2 adders
  2 oozes (D:1)
  3 worms
  2 dart slugs
  3 leopard geckos
  8 orcs (D:4)
  2 ball pythons
  5 giant cockroaches
  10 goblins
  10 hobgoblins
  14 jackals
  4 quokkas
  10 bats
  A frilled lizard (shapeshifter) (D:1)
  5 frilled lizards
  2 gnoll zombies (D:3)
  5 kobolds
  A rat (shapeshifter) (D:4)
  3 rats
102 creatures vanquished.

Vanquished Creatures (collateral kills)
  A kobold (D:3)
  A bat (D:3)
2 creatures vanquished.

Vanquished Creatures (others)
  A scorpion (D:4)
  A hobgoblin (D:4)
2 creatures vanquished.

Grand Total: 106 creatures vanquished
